[ AOE2 MATCH · #507123042 ]
UnrankedRomans vs Wu
Player's team · WIN
Rival team · LOSS
[ REPLAY ANALYSIS · EXTRACTED FROM THE RECORDED GAME ]
Feudal
9:13
Castle
20:56
Imperial
—
| APM avg | 54.0 |
| APM peak | 105 |
| eAPM avg | 25.8 |
| Villagers / military | 91 / 61 |
Focus
⚔️ 51.0% · 🌾 49.0%
Knight ×31 · Archer ×12 · Monk ×9 · Scorpion ×7 · Battering Ram ×2
Feudal
15:19
Castle
19:12
Imperial
—
| APM avg | 44.6 |
| APM peak | 80 |
| eAPM avg | 18.5 |
| Villagers / military | 67 / 10 |
Focus
⚔️ 36.8% · 🌾 63.2%
Unknown (1968) ×28 · Unknown (1974) ×19 · Militia ×9 · Monk ×1
Match map
Initial resources + every placement click. Lines = walls · curves = elevation contours. ◆ gold · ⬟ stone · ● berries · ✦ relic · ◌ wall gap
Your base· Open — 5t gap
SaintedByArmor's base· Open — 2t gap
Smoothed initial terrain · ◌ = detected wall gap · hover for details
Inputs per minute
— DS_Erick307 - - SaintedByArmor
Build order — DS_Erick307
First 150 of 256 actions detected
| 0:02 | Queue | Villager (Male) |
| 0:03 | Queue | Villager (Male) |
| 0:03 | Queue | Villager (Male) |
| 0:04 | Build | House |
| 0:06 | Build | House |
| 0:10 | Queue | Villager (Male) |
| 0:10 | Queue | Villager (Male) |
| 1:35 | Queue | Villager (Male) |
| 2:04 | Queue | Villager (Male) |
| 2:04 | Queue | Villager (Male) |
| 2:17 | Build | Lumber Camp |
| 2:21 | Build | Lumber Camp |
| 2:30 | Queue | Villager (Male) |
| 3:19 | Queue | Villager (Male) |
| 3:24 | Queue | Villager (Male) |
| 3:29 | Build | House |
| 3:54 | Queue | Villager (Male) |
| 4:31 | Queue | Villager (Male) |
| 4:34 | Build | Mill |
| 4:42 | Queue | Villager (Male) |
| 4:54 | Queue | Villager (Male) |
| 5:09 | Queue | Villager (Male) |
| 6:00 | Research | Loom |
| 6:43 | Build | Palisade Wall |
| 6:45 | Build | Palisade Wall |
| 6:47 | Build | Palisade Wall |
| 6:49 | Build | Palisade Wall |
| 6:52 | Build | Palisade Wall |
| 6:58 | Queue | Villager (Male) |
| 7:03 | Research | Feudal Age |
| 7:16 | Queue | Villager (Male) |
| 7:27 | Build | House |
| 7:29 | Build | Palisade Wall |
| 7:37 | Build | Barracks |
| 8:35 | Queue | Villager (Male) |
| 9:00 | Build | Palisade Wall |
| 9:13 | Age | Feudal Age |
| 9:15 | Build | Archery Range |
| 9:19 | Queue | Villager (Male) |
| 9:31 | Research | Double-Bit Axe |
| 9:58 | Queue | Archer |
| 9:58 | Queue | Archer |
| 10:13 | Build | Mining Camp |
| 10:26 | Queue | Villager (Male) |
| 10:28 | Build | House |
| 10:34 | Queue | Archer |
| 10:34 | Queue | Archer |
| 10:44 | Build | House |
| 10:56 | Build | Farm |
| 10:58 | Build | Farm |
| 11:05 | Queue | Archer |
| 11:06 | Queue | Villager (Male) |
| 11:07 | Queue | Villager (Male) |
| 11:14 | Build | Farm |
| 11:25 | Build | Palisade Wall |
| 11:34 | Build | Palisade Wall |
| 11:36 | Build | Palisade Wall |
| 11:56 | Build | Farm |
| 11:57 | Queue | Villager (Male) |
| 11:57 | Queue | Villager (Male) |
| 11:59 | Build | Farm |
| 12:13 | Build | House |
| 12:23 | Queue | Archer |
| 12:28 | Queue | Archer |
| 12:49 | Queue | Villager (Male) |
| 12:49 | Queue | Villager (Male) |
| 12:53 | Build | Blacksmith |
| 12:57 | Queue | Villager (Male) |
| 12:58 | Queue | Archer |
| 13:10 | Queue | Archer |
| 13:25 | Build | Watch Tower |
| 13:34 | Queue | Archer |
| 13:43 | Queue | Villager (Male) |
| 13:57 | Research | Fletching |
| 14:05 | Build | Farm |
| 14:06 | Build | Farm |
| 14:09 | Queue | Villager (Male) |
| 14:14 | Build | Farm |
| 14:37 | Queue | Villager (Male) |
| 14:41 | Build | Farm |
| 14:46 | Build | Farm |
| 15:03 | Queue | Villager (Male) |
| 15:05 | Queue | Villager (Male) |
| 15:06 | Queue | Archer |
| 15:12 | Queue | Villager (Male) |
| 15:20 | Build | Market |
| 15:30 | Queue | Villager (Male) |
| 15:43 | Queue | Archer |
| 15:59 | Build | Watch Tower |
| 16:10 | Queue | Villager (Male) |
| 16:14 | Build | House |
| 16:43 | Queue | Villager (Male) |
| 16:45 | Build | House |
| 17:01 | Queue | Villager (Male) |
| 17:26 | Build | House |
| 17:28 | Build | House |
| 17:29 | Build | House |
| 17:31 | Queue | Villager (Male) |
| 17:50 | Build | Palisade Wall |
| 17:51 | Build | Palisade Wall |
| 17:52 | Build | Palisade Wall |
| 17:53 | Build | Palisade Wall |
| 18:16 | Research | Castle Age |
| 18:16 | Research | Castle Age |
| 19:11 | Build | Palisade Wall |
| 19:32 | Build | Watch Tower |
| 19:39 | Queue | Villager (Male) |
| 20:29 | Queue | Villager (Male) |
| 20:56 | Age | Castle Age |
| 20:59 | Queue | Villager (Male) |
| 21:01 | Build | Monastery |
| 21:03 | Build | Monastery |
| 21:04 | Queue | Villager (Male) |
| 21:17 | Research | Gold Mining |
| 21:54 | Queue | Monk |
| 21:55 | Queue | Monk |
| 22:00 | Queue | Villager (Male) |
| 22:01 | Build | Farm |
| 22:04 | Build | Farm |
| 22:12 | Research | Bow Saw |
| 22:12 | Research | Bow Saw |
| 22:15 | Queue | Villager (Male) |
| 22:35 | Queue | Monk |
| 22:35 | Queue | Monk |
| 22:37 | Queue | Villager (Male) |
| 22:37 | Queue | Villager (Male) |
| 22:42 | Research | Horse Collar |
| 22:42 | Research | Horse Collar |
| 23:05 | Queue | Villager (Male) |
| 23:16 | Queue | Villager (Male) |
| 23:18 | Queue | Monk |
| 23:22 | Queue | Villager (Male) |
| 23:27 | Build | Stable |
| 23:31 | Queue | Villager (Male) |
| 23:53 | Queue | Villager (Male) |
| 23:57 | Build | Stable |
| 23:58 | Research | Scale Barding Armor |
| 24:07 | Build | Farm |
| 24:09 | Build | Farm |
| 24:12 | Queue | Villager (Male) |
| 24:29 | Research | Bloodlines |
| 24:30 | Research | Husbandry |
| 24:31 | Queue | Villager (Male) |
| 24:34 | Build | Farm |
| 24:35 | Queue | Villager (Male) |
| 24:43 | Queue | Villager (Male) |
| 24:46 | Queue | Monk |
| 24:46 | Queue | Monk |
| 24:58 | Build | Farm |
| 25:00 | Queue | Monk |
Build order — SaintedByArmor
First 150 of 221 actions detected
| 0:00 | Queue | Villager (Male) |
| 0:00 | Queue | Villager (Male) |
| 0:02 | Build | House |
| 0:02 | Build | House |
| 0:11 | Queue | Villager (Male) |
| 0:12 | Queue | Villager (Male) |
| 1:35 | Queue | Villager (Male) |
| 1:57 | Queue | Villager (Male) |
| 2:07 | Queue | Villager (Male) |
| 2:52 | Queue | Villager (Male) |
| 2:53 | Queue | Villager (Male) |
| 2:53 | Queue | Villager (Male) |
| 3:23 | Queue | Villager (Male) |
| 3:42 | Queue | Villager (Male) |
| 3:52 | Build | House |
| 4:07 | Build | Barracks |
| 4:24 | Queue | Villager (Male) |
| 4:25 | Queue | Villager (Male) |
| 4:29 | Build | Palisade Wall |
| 4:30 | Build | Palisade Wall |
| 4:32 | Build | Palisade Wall |
| 5:12 | Build | House |
| 5:15 | Queue | Villager (Male) |
| 5:30 | Queue | Militia |
| 5:30 | Queue | Militia |
| 5:30 | Queue | Militia |
| 5:34 | Queue | Villager (Male) |
| 5:38 | Queue | Militia |
| 6:01 | Build | House |
| 6:03 | Queue | Villager (Male) |
| 6:07 | Build | Mill |
| 6:41 | Build | Lumber Camp |
| 6:49 | Queue | Villager (Male) |
| 7:00 | Queue | Militia |
| 7:23 | Queue | Villager (Male) |
| 7:50 | Queue | Villager (Male) |
| 8:13 | Queue | Villager (Male) |
| 8:15 | Queue | Militia |
| 8:32 | Build | House |
| 8:33 | Queue | Villager (Male) |
| 9:10 | Queue | Villager (Male) |
| 9:11 | Queue | Militia |
| 9:13 | Build | Farm |
| 9:13 | Build | Farm |
| 9:28 | Queue | Villager (Male) |
| 9:41 | Build | House |
| 9:42 | Build | House |
| 9:44 | Build | House |
| 9:45 | Build | House |
| 9:59 | Queue | Villager (Male) |
| 10:00 | Queue | Militia |
| 10:13 | Build | Farm |
| 10:13 | Queue | Villager (Male) |
| 10:52 | Queue | Villager (Male) |
| 10:54 | Queue | Militia |
| 11:02 | Build | House |
| 11:05 | Build | House |
| 11:07 | Build | House |
| 11:15 | Build | House |
| 11:17 | Build | Palisade Wall |
| 11:20 | Build | Palisade Wall |
| 11:22 | Queue | Villager (Male) |
| 11:25 | Build | Palisade Wall |
| 11:27 | Build | Palisade Wall |
| 11:30 | Build | Palisade Wall |
| 11:39 | Build | House |
| 11:44 | Build | Palisade Wall |
| 11:44 | Build | Palisade Wall |
| 11:45 | Build | Palisade Wall |
| 11:46 | Build | Palisade Wall |
| 11:46 | Build | Palisade Wall |
| 11:48 | Build | Palisade Wall |
| 11:50 | Build | Palisade Wall |
| 11:51 | Queue | Villager (Male) |
| 12:07 | Build | House |
| 12:09 | Build | Palisade Wall |
| 12:18 | Queue | Villager (Male) |
| 12:31 | Build | Farm |
| 12:44 | Research | Loom |
| 12:45 | Research | Loom |
| 12:46 | Research | Feudal Age |
| 13:14 | Build | Mining Camp |
| 13:38 | Build | Farm |
| 13:45 | Build | Farm |
| 14:13 | Build | Palisade Wall |
| 14:17 | Build | House |
| 14:21 | Build | House |
| 14:24 | Build | House |
| 14:26 | Build | House |
| 15:00 | Build | House |
| 15:11 | Build | House |
| 15:13 | Build | House |
| 15:19 | Age | Feudal Age |
| 15:25 | Build | Market |
| 15:31 | Queue | Villager (Male) |
| 15:59 | Build | Blacksmith |
| 16:32 | Research | Castle Age |
| 16:32 | Research | Castle Age |
| 16:33 | Research | Castle Age |
| 16:50 | Build | House |
| 16:59 | Build | House |
| 17:03 | Build | House |
| 17:21 | Build | Barracks |
| 17:33 | Research | Double-Bit Axe |
| 17:34 | Research | Double-Bit Axe |
| 17:59 | Build | Barracks |
| 18:09 | Queue | Villager (Male) |
| 18:26 | Build | Farm |
| 18:30 | Build | Farm |
| 19:12 | Age | Castle Age |
| 19:13 | Queue | Unit 1974 ×4 |
| 19:13 | Queue | Unit 1974 ×4 |
| 19:17 | Queue | Villager (Male) |
| 19:22 | Build | Farm |
| 19:27 | Queue | Unit 1974 |
| 19:37 | Queue | Unit 1974 |
| 19:37 | Queue | Unit 1974 |
| 19:48 | Build | Mining Camp |
| 20:04 | Queue | Villager (Male) |
| 20:04 | Queue | Unit 1974 |
| 20:34 | Build | Farm |
| 20:41 | Queue | Villager (Male) |
| 20:58 | Queue | Villager (Male) |
| 21:13 | Build | Market |
| 21:24 | Queue | Villager (Male) |
| 21:27 | Queue | Unit 1974 |
| 21:27 | Queue | Unit 1974 |
| 21:42 | Queue | Villager (Male) |
| 21:55 | Build | Farm |
| 21:58 | Build | Farm |
| 22:04 | Build | Farm |
| 22:06 | Queue | Unit 1974 |
| 22:15 | Build | Farm |
| 22:19 | Queue | Unit 1974 |
| 22:20 | Queue | Unit 1974 |
| 22:20 | Queue | Unit 1974 |
| 22:43 | Build | Farm |
| 22:45 | Queue | Unit 1974 |
| 22:51 | Queue | Villager (Male) |
| 23:21 | Build | Farm |
| 23:22 | Queue | Villager (Male) |
| 23:41 | Research | Stone Mining |
| 23:45 | Build | Lumber Camp |
| 23:50 | Queue | Villager (Male) |
| 24:11 | Queue | Villager (Male) |
| 24:26 | Research | Fletching |
| 24:28 | Queue | Villager (Male) |
| 24:54 | Queue | Villager (Male) |
| 25:18 | Queue | Villager (Male) |
| 25:44 | Queue | Villager (Male) |
Match timeline
| 4:07 | SaintedByArmor · first_building Barracks |
| 4:29 | SaintedByArmor · wall_segment Palisade Wall x1 |
| 4:30 | SaintedByArmor · wall_segment Palisade Wall x1 |
| 4:32 | SaintedByArmor · wall_segment Palisade Wall x1 |
| 6:43 | DS_Erick307 · wall_segment Palisade Wall x1 |
| 6:45 | DS_Erick307 · wall_segment Palisade Wall x1 |
| 6:47 | DS_Erick307 · wall_segment Palisade Wall x1 |
| 6:49 | DS_Erick307 · wall_segment Palisade Wall x1 |
| 6:52 | DS_Erick307 · wall_segment Palisade Wall x1 |
| 7:29 | DS_Erick307 · wall_segment Palisade Wall x1 |
| 7:37 | DS_Erick307 · first_building Barracks |
| 9:00 | DS_Erick307 · wall_segment Palisade Wall x1 |
| 9:13 | DS_Erick307 · age_up feudal |
| 9:15 | DS_Erick307 · first_building Archery Range |
| 11:17 | SaintedByArmor · wall_segment Palisade Wall x1 |
| 11:20 | SaintedByArmor · wall_segment Palisade Wall x1 |
| 11:25 | DS_Erick307 · wall_segment Palisade Wall x1 |
| 11:25 | SaintedByArmor · wall_segment Palisade Wall x1 |
| 11:27 | SaintedByArmor · wall_segment Palisade Wall x1 |
| 11:30 | SaintedByArmor · wall_segment Palisade Wall x9 |
| 11:34 | DS_Erick307 · wall_segment Palisade Wall x1 |
| 11:36 | DS_Erick307 · wall_segment Palisade Wall x1 |
| 11:44 | SaintedByArmor · wall_segment Palisade Wall x1 |
| 11:44 | SaintedByArmor · wall_segment Palisade Wall x1 |
| 11:45 | SaintedByArmor · wall_segment Palisade Wall x1 |
| 11:46 | SaintedByArmor · wall_segment Palisade Wall x1 |
| 11:46 | SaintedByArmor · wall_segment Palisade Wall x1 |
| 11:48 | SaintedByArmor · wall_segment Palisade Wall x1 |
| 11:50 | SaintedByArmor · wall_segment Palisade Wall x6 |
| 12:09 | SaintedByArmor · wall_segment Palisade Wall x4 |
| 14:13 | SaintedByArmor · wall_segment Palisade Wall x1 |
| 15:19 | SaintedByArmor · age_up feudal |
| 16:23 | SaintedByArmor · first_market_buy 100 food |
| 16:26 | SaintedByArmor · first_market_sell 100 stone |
| 16:55 | DS_Erick307 · first_market_sell 100 wood |
| 16:57 | DS_Erick307 · first_market_buy 100 food |
| 17:50 | DS_Erick307 · wall_segment Palisade Wall x1 |
| 17:51 | DS_Erick307 · wall_segment Palisade Wall x1 |
| 17:52 | DS_Erick307 · wall_segment Palisade Wall x1 |
| 17:53 | DS_Erick307 · wall_segment Palisade Wall x1 |
| 19:11 | DS_Erick307 · wall_segment Palisade Wall x1 |
| 19:12 | SaintedByArmor · age_up castle |
| 20:56 | DS_Erick307 · age_up castle |
| 21:01 | DS_Erick307 · first_building Monastery |
| 23:27 | DS_Erick307 · first_building Stable |
| 25:34 | DS_Erick307 · wall_segment Palisade Wall x1 |
| 26:12 | SaintedByArmor · first_building Castle |
| 27:44 | SaintedByArmor · wall_segment Palisade Wall x1 |
| 28:44 | SaintedByArmor · wall_segment Palisade Wall x1 |
| 28:47 | SaintedByArmor · wall_segment Palisade Wall x1 |
| 30:03 | DS_Erick307 · first_building Siege Workshop |
| 33:44 | SaintedByArmor · first_building Monastery |
| 35:47 | SaintedByArmor · resign |
[ AI ANALYSIS · 1 CREDIT ]
What really happened in this match?
Wolo.gg analyzes every decision: build order, eco, micro, common mistakes by bracket. Personalized analysis on WhatsApp or Discord in 30 seconds.
Civ guide
Romans
Perfil
Jugador #2489786